 Dungeon Crawl Stone Soup version 0.28.0-53-g5a82cb258f (webtiles) character file.

Game seed: 16003622524304801767

98 raph the Digger (level 4, -2/49 HPs)
             Began as a Draconian Earth Elementalist on Aug 16, 2022.
             Killed from afar by an orc wizard (9 damage)
             ... with a puff of flame
             ... on level 3 of the Dungeon.
             The game lasted 00:03:35 (2144 turns).

raph the Digger (Draconian Earth Elementalist)      Turns: 2144, Time: 00:03:36

Health: -2/49      AC:  5    Str: 11    XL:     4   Next: 43%
Magic:  5/7        EV: 12    Int: 17    God:
Gold:   123        SH:  0    Dex: 11    Spells: 2/8 levels left

rFire   . . .      SeeInvis .   j - +2 long sword (holy)
rCold   + . .      Faith    .   (no shield)
rNeg    . . .      Spirit   .   (armour unavailable)
rPois   .          Reflect  .   (helmet restricted)
rElec   .          Harm     .   (no cloak)
rCorr   .          Rampage  .   (no gloves)
Will    .....                   (no boots)
Stlth   ..........              (no amulet)
HPRegen 0.16/turn               i - ring of protection from cold
MPRegen 0.10/turn               (no ring)

@: berserking, very quick
A: AC +5, unfitting armour, cold-blooded
a: no special abilities


You were on level 3 of the Dungeon.
You visited 1 branch of the dungeon, and saw 3 of its levels.

You collected 123 gold pieces.

Inventory:

Hand Weapons
 f - a +0 mace
 j - a +2 long sword of holy wrath (weapon)
Missiles
 b - 41 stones
 k - 6 poisoned darts
Jewellery
 i - a ring of protection from cold (left hand)
Scrolls
 a - a scroll of amnesia
 h - a scroll of blinking
Potions
 e - a potion of resistance {unknown}
 l - a potion of magic {unknown}
 m - a potion of heal wounds {unknown}
 n - 2 potions of curing {unknown}


   Skills:
 + Level 2.4 Dodging
 + Level 2.6 Stealth
 + Level 2.6 Spellcasting
 - Level 1.0 Transmutations
 * Level 4.0 Earth Magic


You had 2 spell levels left.
You knew the following spells:

 Your Spells              Type           Power      Damage    Failure   Level
a - Sandblast             Erth           32%        2d9       3%          1
b - Passwall              Tmut/Erth      8%         N/A       10%         2
c - Stone Arrow           Conj/Erth      18%        3d8       24%         3

Your spell library contained the following spells:

 Spells                   Type           Power      Damage    Failure   Level
 Petrify                  Tmut/Erth      10%        N/A       54%         4


Dungeon Overview and Level Annotations

Branches:
Dungeon (3/15)

Altars:

Shops:
D:3 ((


Innate Abilities, Weirdness & Mutations

Your plain brown scales are hard. (AC +5)
You cannot fit into any form of body armour.
You are cold-blooded and may be slowed by cold attacks.


Message History

You are too injured to fight recklessly!
You are too injured to fight recklessly!
You are too injured to fight recklessly!
You are too injured to fight recklessly!
You are too injured to fight recklessly!
The bat hits you but does no damage. The bat misses you.
Aiming: Sandblast (safe; 3% risk of failure)
Press: ? - help, Q - select action, (/) - cycle Shift-Dir - straight line, f - bat
Aim: a bat (moderately wounded, 69% to hit)
The blast of sand hits the bat!
You kill the bat!
You are confused.
You bump into the rock wall.
You hear some strange, mumbled words.
You are more confused.
The orc hits you but does no damage. Something hits you.
You bump into the rock wall.
The orc hits you but does no damage. Something completely misses you.
You bump into the rock wall.
The orc hits you but does no damage. Something hits you.
* * * LOW HITPOINT WARNING * * *
You barely miss something.
Your tail-slap misses something.
Your punch misses something. The orc barely misses you. Something hits you.
* * * LOW HITPOINT WARNING * * *
It was a potion of berserk rage.
A red film seems to cover your vision as you go berserk!
You feel yourself moving faster!
You feel mighty! The orc hits you but does no damage. Something hits you.
* * * LOW HITPOINT WARNING * * *
You miss the orc.
You feel less confused. The orc hits you with a +0 dagger.
* * * LOW HITPOINT WARNING * * *
Something hits you but does no damage.
You miss something. The orc hits you but does no damage.
You hear some strange, mumbled words.
A puff of flame appears from out of thin air!
The puff of flame hits you!
You die...

#### #.# ##<# #.# ##.#
#.# ### ### ...# #.# ..#
#.. ##.# #.# #.# #.#
######)##### #.# #.#
..^........# #.# #.#
######.###.######.# #.#
### # #.....#.....o@{#
#.###.# ##
#.#.#.#..#########.....#
.#
#.#............b.oo###.#
.###
#.#.##.#.#######.#...#
#.# ...#....#.#
####.#.###
..####.######.#
#b...#..# ..## #.. ..#
#.#####.# ...# #.# .###
#.#.....# .#.... .. ..
#.#.#####


You could see an orc.

Vanquished Creatures
  An orc priest (D:3)
  2 adders (D:2)
  2 worms
  2 orcs (D:3)
  7 bats
  5 endoplasms
  3 giant cockroaches (D:1)
  5 goblins
  3 hobgoblins
  3 kobolds
  2 ball pythons
  A frilled lizard (D:1)
  6 rats
42 creatures vanquished.

Notes
Turn   | Place    | Note
-------+----------+-------------------------------------------
     0 | D:1      | raph the Draconian Earth Elementalist began the quest for
                  | the Orb.
     0 | D:1      | Reached XP level 1. HP: 14/14 MP: 3/3
   276 | D:1      | Reached XP level 2. HP: 15/20 MP: 1/5
   462 | D:1      | Learned a level 2 spell: Passwall
  1181 | D:2      | Reached XP level 3. HP: 23/26 MP: 3/6
  1185 | D:2      | Learned a level 3 spell: Stone Arrow
  1397 | D:2      | Noticed a floating eye
  1399 | D:2      | Found a faded altar of an unknown god.
  1400 | D:2      | Noticed an eye of devastation
  1400 | D:2      | Noticed a great orb of eyes
  1400 | D:2      | Noticed an eye of devastation
  1875 | D:3      | Found Jinkotwe's Weapon Emporium.
  2086 | D:3      | Found Wueciat's Weapon Emporium.
  2105 | D:3      | Reached skill level 4 in Earth Magic
  2105 | D:3      | Reached XP level 4. HP: 17/33 MP: 5/7
  2144 | D:3      | Killed from afar by an orc wizard

Illustrated notes

Levels and vault maps discovered:
D:1:      beargit_arrival_greenhouse, layout_basic, nicolae_wormholes
D:2:      layout_basic, hellmonk_ecumenical_altar_watching_god,
          grunt_ministairs_14, chequers_mini_garden
D:3:      layout_basic, serial_shops, nicolae_shop_bloodbath_and_beyond,
          shop_fountains, hex_large, nicolae_figureground_pulse

Skill      XL: |  1  2  3 |
---------------+----------+-----
Stealth        | 2 |  2.6
Dodging        | 2 |  2.4
Earth Magic    | 4 |  4.0
Spellcasting   | |  2.6
Transmutations | |  1.0

Action                   |  1- 3 |  4- 6 || total
-------------------------+-------+-------++-------
Melee: Unarmed           |    24 |       ||    24
       Tailslap          |     8 |       ||     8
       Mace              |    10 |       ||    10
       Long sword        |    40 |     7 ||    47
 Cast: Sandblast         |    29 |     2 ||    31
       Passwall          |       |     1 ||     1
  Use: Scroll            |     5 |       ||     5
       Potion            |       |     1 ||     1
 Stab: Sleeping          |     8 |       ||     8
Armor: Skin              |    41 |    11 ||    52
Dodge: Dodged            |    67 |    15 ||    82
